 Dungeon Crawl Stone Soup version 0.30-a0-586-g23e55c9e0a (webtiles) character file.

Game seed: 4524943347289093097

10708 billz999 the Cleaver (level 11, -3/85 HPs)
             Began as a Djinni Ice Elementalist on Jan 4, 2023.
             Was a High Priest of Jiyva.
             Slain by a wolf (7 damage)
             ... on level 4 of the Lair of Beasts.
             The game lasted 00:22:06 (9634 turns).

billz999 the Cleaver (Djinni Ice Elementalist)      Turns: 9634, Time: 00:22:06

Health: -3/85      AC:  3    Str:  7    XL:     11   Next: 98%
Gold:   522        EV: 13    Int: 29    God:    Jiyva [*****.] SH:  0 Dex: 15

rFire   + . .      SeeInvis .    p - +1 hand axe of Vanity {pain, Str+2 Dex+3}
rCold   . . .      Faith    .    (no shield)
rNeg    . . .      Spirit   .    a - +0 robe
rPois   ∞          Reflect  .    (helmet restricted)
rElec   .          Harm     .    (no cloak)
rCorr   +          Rampage  .    G - +0 pair of gloves
Will    +++++                    (boots unavailable)
Stlth   ++                       (no amulet)
HPRegen 1.78/turn                C - ring of ice
MPRegen 0.00/turn                w - ring of willpower

@: flying
A: sickness immunity, fire resistance 2, cold vulnerability 1, float, innate
caster, HP casting, extra vitality 1, horns 1, clever 2, strong-willed 3, engulf
a: Renounce Religion, Oozemancy, Slimify


You were on level 4 of the Lair of Beasts.
You worshipped Jiyva.
Jiyva was extremely pleased with you.
You visited 3 branches of the dungeon, and saw 14 of its levels.

You collected 522 gold pieces.

Inventory:

Hand Weapons
 c - a +0 whip
 o - a +0 dagger of venom
 p - the +1 hand axe of Vanity (weapon) {pain, Str+2 Dex+3}
   (You found it on level 3 of the Dungeon)

   In the hands of one skilled in necromantic magic, it inflicts extra damage on
   living creatures.
   Your inability to study Necromancy prevents you from drawing on the full
   power of this weapon.
   Str:       It affects your strength (+2).
   Dex:       It affects your dexterity (+3).
Missiles
 x - 3 throwing nets
Armour
 a - a +0 robe (worn)
 e - a +0 helmet
 B - the +1 leather armour "Ysobrut" {Dex+3 SInv}
   (You found it on level 6 of the Dungeon)

   Dex:       It affects your dexterity (+3).
   SInv:      It lets you see invisible.
 G - a +0 pair of gloves (worn)
Magical Staves
 j - a staff of earth
Jewellery
 q - a +4 ring of protection
 w - a ring of willpower (right hand)
 C - a ring of ice (left hand)
 D - a ring of fire
Wands
 n - a wand of light (2)
 y - a wand of flame (7)
 J - a wand of iceblast (10)
Scrolls
 h - 2 scrolls of enchant armour
 k - 5 scrolls of teleportation
 l - 2 scrolls of magic mapping
 m - 3 scrolls of enchant weapon
 t - a scroll of amnesia
 A - 2 scrolls of butterflies {unknown}
 E - a scroll of vulnerability {unknown}
 H - a scroll of fog {unknown}
 I - a scroll of fear {unknown}
 M - a scroll of identify
Potions
 b - 2 potions of magic
 d - 4 potions of invisibility
 f - 5 potions of curing
 g - a potion of might {unknown}
 i - 4 potions of brilliance {unknown}
 r - 2 potions of lignification {unknown}
 u - 3 potions of heal wounds
 v - 4 potions of attraction {unknown}
 z - a potion of haste {unknown}
 F - 2 potions of degeneration {unknown}
 K - a potion of ambrosia {unknown}
 L - 2 potions of cancellation {unknown}


   Skills:
 + Level 10.2 Fighting
 - Level 12.0 Axes
 - Level 2.7 Dodging
 - Level 2.1 Stealth
 - Level 4.5 Spellcasting


You couldn't memorise any spells.
You knew the following spells:

 Your Spells              Type           Power      Damage    Failure   Level
a - Freeze                Ice            100%       1d10      1%          1
b - Frozen Ramparts       Ice            98%        1d15      3%          3
c - Ozocubu's Armour      Ice            49%        N/A       3%          3
d - Summon Ice Beast      Ice/Summ       49%        N/A       10%         4
e - Sting                 Tmut/Pois      100%       1d8       1%          1
f - Ensorcelled Hibernat  Hex/Ice        98%        N/A       1%          2
g - Gell's Gravitas       Tloc           32%        N/A       3%          3
h - Vampiric Draining     Necr           32%        2d8       3%          3
i - Olgreb's Toxic Radia  Pois           32%        N/A       10%         4
Your spell library was empty.

Dungeon Overview and Level Annotations

Branches:
Dungeon (10/15)            Temple (1/1) D:5            Lair (4/5) D:8
  Swamp: Lair:2-3    Shoals: Lair:2-3     Snake: Lair:2-3    Spider: Lair:2-3
  Slime: Lair:4-5       Orc: D:9-12

Altars:
Ashenzari
Cheibriados
Dithmenos
Elyvilon
Fedhas
Gozag
Hepliaklqana
Makhleb
Nemelex Xobeh
Okawaru
Qazlal
Ru
Trog
Uskayaw
Wu Jian
Xom
Yredelemnul
Zin
The Shining One
Jiyva

Shops:
D:1 *   D:5 :

Annotations:
D:8 2 transporters, exclusion: oklob plant


Innate Abilities, Weirdness & Mutations

You are immune to sickness and miasma.
You are immune to poison.
Your flesh is very heat resistant. (rF++)
You are vulnerable to cold. (rC-)
You float through the air rather than walking.
You learn spells naturally, not from books.
Your magical power is your life essence.
You have superior vitality. (+4 MHP)
You have a pair of small horns on your head.
Your mind is very acute. (Int +8, Str/Dex -2)
You are extremely strong-willed. (Will+++)
Your melee attacks may engulf your foes in ooze.


Message History

The wall freezes the wyvern!
You kill the wyvern!
The wall freezes the yak but does no damage.
Unknown command.
Blink to where?
Press: ? - help, Dir - move target Your frozen ramparts will break if you move.
Continue?
The frozen ramparts melt away as you move.
A five-headed hydra and 3 elephants come into view.
As you read the scroll of blinking, it crumbles to dust.
The elephant trumpets!
The wolf bites your ice beast but does no damage.
Your ice beast closely misses the wolf.
The yak completely misses something.
The yak gores your ice beast.
Your magical contamination has completely faded away.
You kill the yak! x2
The wolf closely misses your ice beast.
Training target 12.0 for Axes reached!
Your Axes skill increases to level 12!
You need to enable at least one skill for training.
Unknown command.
You are too injured to fight recklessly!
You are too injured to fight recklessly!
The yak gores something!
You hit the elephant but do no damage. x2
You hit the elephant but do no damage. You closely miss the wolf.
You hit the elephant but do no damage.
You kill the wolf!
The wolf bites you!
* * * LOW HITPOINT WARNING * * *
The elephant tramples you!
* * * LOW HITPOINT WARNING * * *
You are shoved backwards!
You hit the elephant but do no damage. You barely miss the wolf.
The wolf bites you.
* * * LOW HITPOINT WARNING * * *
The wolf bites you!
* * * LOW HITPOINT WARNING * * *
The wolf bites you!
You die...

...... ..
#....##.#
.........
##........
#.........
#.........
#.....#
...####D..## .
...#.@Y...#
#.....Yh...##
#......†Y...P#
.P...#......##
.......Y#...###.
.......††.....P.
.......†........
........#.......
.....hY .......


You could see a five-headed hydra, 2 elephants, a yak (poisoned), a wolf (ally
target) and a friendly ice beast (summoned).

Vanquished Creatures
  A black mamba (Lair:1)
  A kobold demonologist (D:9)
  A komodo dragon (Lair:1)
  An unseen horror zombie (D:9)
  A troll (D:9)
  A polar bear (Lair:1)
  A wraith (D:9)
  4 wyverns
  27 yaks
  2 steam dragons
  2 water moccasins (Lair:2)
  An orc warrior (D:9)
  A black bear (D:7)
  An ogre (D:6)
  4 wolves
  4 centaurs
  A phantom (D:5)
  2 kobold brigands (D:9)
  3 bullfrogs
  2 necrophages
  A scorpion (D:4)
  2 wights (D:4)
  5 killer bees (D:7)
  A howler monkey (D:9)
  A crimson imp (D:8)
  A bullfrog zombie (D:4)
  A centaur zombie (D:9)
  3 hounds
  A jelly (D:5)
  2 orc priests
  A human zombie (D:4)
  A scorpion zombie (D:4)
  2 iguanas (D:5)
  8 orc wizards
  2 hound zombies (D:4)
  8 adders
  9 gnolls
  3 worms (D:2)
  16 orcs
  2 ball pythons
  7 endoplasms
  4 giant cockroaches
  4 goblins
  8 hobgoblins
  6 kobolds
  3 quokkas
  2 bats
  3 frilled lizards
  3 rats
171 creatures vanquished.

Vanquished Creatures (collateral kills)
  A kobold demonologist (D:9)
  A wraith (D:9)
  A yak (Lair:1)
  3 water moccasins
  2 ogres
  A phantom (D:6)
  A bullfrog (D:7)
  A necrophage (D:7)
  A gnoll sergeant (D:9)
  2 howler monkeys (D:9)
  A bullfrog zombie (D:4)
  An orc priest (D:9)
  2 orc wizards
  2 hound zombies (D:4)
  A howler monkey zombie (D:4)
  An adder (D:6)
  A gnoll (D:9)
  An adder zombie (D:4)
  5 orcs (D:8)
  A kobold (D:9)
30 creatures vanquished.

Vanquished Creatures (others)
  A water moccasin (D:7)
  A sky beast (D:7)
  A phantom (D:7)
  A howler monkey (D:9)
  An orc priest (D:6)
  3 jellies
  An iguana (D:6)
  2 orcs (D:6)
  68 fungi
  73 plants
  21 toadstools (D:8)
173 creatures vanquished.

Grand Total: 374 creatures vanquished

Notes
Turn   | Place    | Note
-------+----------+-------------------------------------------
     0 | D:1      | billz999 the Djinni Ice Elementalist began the quest for
                  | the Orb.
     0 | D:1      | billz999 set off with the following spells memorised:
                  | Freeze, Frozen Ramparts, Ozocubu's Armour, Summon Ice
                  | Beast.
     0 | D:1      | Reached XP level 1. HP: 15/15 MP: 0/0
    43 | D:1      | Found Cuqemir's General Store.
   165 | D:1      | Reached XP level 2. HP: 21/21 MP: 0/0
   647 | D:2      | Reached XP level 3. HP: 20/25 MP: 0/0
   647 | D:2      | Learned a level 1 spell: Sting
   941 | D:2      | Found a bloodstained altar of Trog.
  1697 | D:3      | Reached XP level 4. HP: 27/31 MP: 0/0
  1869 | D:3      | Reached XP level 5. HP: 31/35 MP: 0/0
  1869 | D:3      | Learned a level 2 spell: Ensorcelled Hibernation
  1896 | D:3      | Found a white marble altar of Elyvilon.
  1896 | D:3      | Found a shadowy altar of Dithmenos.
  2138 | D:3      | Identified the +1 hand axe of Vanity {pain, Str+2 Dex+3}
  2218 | D:3      | Found a hazy altar of Hepliaklqana.
  2429 | D:4      | Reached skill level 1 in Fighting
  2429 | D:4      | Reached skill level 1 in Axes
  2431 | D:4      | Reached XP level 6. HP: 31/42 MP: 0/0
  2587 | D:4      | Reached skill level 2 in Axes
  3203 | D:4      | Reached XP level 7. HP: 36/49 MP: 0/0
  3203 | D:4      | Learned a level 3 spell: Gell's Gravitas
  3263 | D:4      | Reached skill level 3 in Axes
  3702 | D:5      | Entered Level 5 of the Dungeon
  3759 | D:5      | Reached skill level 4 in Axes
  3953 | D:5      | Reached XP level 8. HP: 45/57 MP: 0/0
  4128 | D:5      | Reached skill level 5 in Axes
  4570 | D:5      | Found Juvorcha's Book Shoppe.
  4771 | D:5      | Found a staircase to the Ecumenical Temple.
  4777 | Temple   | Entered the Ecumenical Temple
  4822 | Temple   | Became a worshipper of Jiyva Janaemun the Shapeless
  5126 | D:6      | Found a hide-covered altar of Uskayaw.
  5157 | D:6      | Identified the +1 leather armour "Ysobrut" {Dex+3 SInv}
  5226 | D:6      | Found a sparkling altar of Nemelex Xobeh.
  5397 | D:6      | Reached skill level 5 in Fighting
  5397 | D:6      | Reached skill level 6 in Axes
  5567 | D:6      | Found a sacrificial altar of Ru.
  5675 | D:6      | Reached * piety under Jiyva
  5681 | D:6      | Found an opulent altar of Gozag.
  5697 | D:6      | Reached XP level 9. HP: 59/65 MP: 0/0
  5697 | D:6      | Learned a level 3 spell: Vampiric Draining
  6107 | D:7      | Reached ** piety under Jiyva
  6120 | D:7      | Reached skill level 7 in Axes
  6580 | D:7      | Reached *** piety under Jiyva
  6844 | D:8      | Found a staircase to the Lair.
  6851 | D:8      | Found a transporter.
  6853 | D:8      | Found a transporter.
  6854 | D:8      | Noticed a boulder beetle
  7153 | D:8      | Found a blossoming altar of Fedhas.
  7167 | D:8      | Noticed an oklob plant
  7172 | D:8      | Gained mutation: Your mind is acute. (Int +4, Str/Dex -1)
                  | [Jiyva's grace]
  7172 | D:8      | Gained mutation: Your mind is very acute. (Int +8, Str/Dex
                  | -2) [Jiyva's grace]
  7172 | D:8      | Gained mutation: You expend health (3 HP) to strengthen
                  | your wands. [Jiyva's grace]
  7172 | D:8      | Gained mutation: You have a pair of small horns on your
                  | head. [Jiyva's grace]
  7193 | D:8      | Reached **** piety under Jiyva
  7375 | D:8      | Found a burning altar of Makhleb.
  7380 | D:8      | Reached skill level 8 in Axes
  7695 | D:9      | Noticed a troll
  7706 | D:9      | Killed a troll
  7707 | D:9      | Reached XP level 10. HP: 41/73 MP: 0/0
  7755 | D:9      | Noticed a kobold demonologist
  7786 | D:9      | Noticed a sun demon
  7905 | D:9      | Killed a kobold demonologist
  7960 | D:9      | Reached skill level 9 in Axes
  8198 | D:9      | Noticed a kobold demonologist
  8212 | D:9      | Killed a kobold demonologist
  8351 | D:9      | Reached ***** piety under Jiyva
  8469 | D:9      | Found a snail-covered altar of Cheibriados.
  8648 | D:9      | Found a basalt altar of Yredelemnul.
  8672 | D:10     | Entered Level 10 of the Dungeon
  8723 | Lair:1   | Entered Level 1 of the Lair of Beasts
  8736 | Lair:1   | Reached skill level 10 in Axes
  8744 | Lair:1   | Reached XP level 11. HP: 58/82 MP: 0/0
  8744 | Lair:1   | Learned a level 4 spell: Olgreb's Toxic Radiance
  8989 | Lair:1   | Reached skill level 11 in Axes
  9194 | Lair:1   | Lost mutation: You expend health (3 HP) to strengthen your
                  | wands. [Jiyva's grace]
  9194 | Lair:1   | Gained mutation: Your melee attacks may engulf your foes in
                  | ooze. [Jiyva's grace]
  9194 | Lair:1   | Gained mutation: You are strong-willed. (Will+) [Jiyva's
                  | grace]
  9194 | Lair:1   | Gained mutation: You are highly strong-willed. (Will++)
                  | [Jiyva's grace]
  9194 | Lair:1   | Gained mutation: You are extremely strong-willed. (Will+++)
                  | [Jiyva's grace]
  9600 | Lair:2   | Reached skill level 10 in Fighting
  9618 | Lair:2   | You are sucked into a shaft and drop 2 floors!
  9627 | Lair:4   | Noticed a five-headed hydra
  9627 | Lair:4   | Noticed an elephant
  9627 | Lair:4   | Noticed an elephant
  9627 | Lair:4   | Noticed an elephant
  9630 | Lair:4   | Reached skill level 12 in Axes
  9634 | Lair:4   | HP: 4/85 [wolf (8)]
  9634 | Lair:4   | Slain by a wolf

Illustrated notes

Levels and vault maps discovered:
D:1:      lightli_arrival_statue_moat, layout_rooms, serial_shops,
          nicolae_shop_advertising_works [nicolae_subvault_shop_adworks],
          palyth_stone_intersect, kennysheep_flooded_box
D:2:      layout_basic, basic_altar
D:3:      layout_basic, grunt_temple_overflow_diamond,
          lemuel_coloured_pillars_altar, dk_noncrumbling_4,
          nicolae_underground_beach
D:4:      layout_basic, lemuel_mausoleum_altar_kikubaaqudgha
D:5:      layout_loops_ring, minmay_temple_entry_fiery, serial_shops,
          nicolae_shop_competitors_out_of_business
D:6:      layout_loops_cross, kennysheep_mini,
          mainiacjoe_overflow_concentric_impassable,
          nicolae_uskayaw_murder_on_the_dancefloor, nicolae_ru_path_of_blood,
          lemuel_flamethrower_2
D:7:      layout_basic, glass_columns_a, hangedman_decor_growths
D:8:      gammafunk_boulding_lane, layout_gridville, tgw_fedhas,
          makhleb_grotto_becter, lair_entry_dummy, grunt_decor_resistance
D:9:      layout_cave_pools, nicolae_overflow_crystal_walls,
          lemuel_zombie_altar_yredelemnul, minmay_puff
D:10:     layout_roguey, serial_shops, shop
Temple:   pf_slimified_temple
Lair:1:   layout_regular_city
Lair:2:   mu_elephants_graveyard, layout_loops_ring
Lair:4:   layout_gridlike, serial_bayou_shore_a, uniq_sonja

Skill      XL: |  1  2  3  4  5  6  7  8  9 10 11 |
---------------+----------------------------------+-----
Stealth        | 2 |  2.1
Spellcasting   | 4 |  4.5
Fighting       | 1 2 3 5 6 8 10 | 10.2
Axes           | 1 2 4 6 8 10 12 | 12.0
Dodging        | |  2.7

Action                   |  1- 3 |  4- 6 |  7- 9 | 10-12 || total
-------------------------+-------+-------+-------+-------++-------
Melee: Hand axe          |       |    70 |   113 |    75 ||   258
       Punch             |       |       |     2 |     2 ||     4
       Headbutt          |       |       |       |    24 ||    24
 Cast: Freeze            |    49 |    41 |    58 |    66 ||   214
       Frozen Ramparts   |     2 |     7 |    32 |    27 ||    68
       Sting             |       |       |    43 |    26 ||    69
       Summon Ice Beast  |       |       |    15 |    17 ||    32
       Ensorcelled Hiber |       |       |     8 |       ||     8
       Ozocubu's Armour  |       |       |       |     4 ||     4
       Olgreb's Toxic Ra |       |       |       |    35 ||    35
       Vampiric Draining |       |       |       |     2 ||     2
Evoke: Wand              |       |       |    12 |     1 ||    13
  Use: Scroll            |     2 |       |     2 |     4 ||     8
       Potion            |       |       |     2 |       ||     2
 Stab: Sleeping          |       |     2 |     4 |       ||     6
       Distracted        |       |       |     2 |       ||     2
       Invisible         |       |       |       |     2 ||     2
Armor: Robe              |     2 |    29 |    43 |    58 ||   132
       Leather armour    |       |       |     5 |       ||     5
Dodge: Dodged            |    20 |    63 |    83 |   114 ||   280

Table legend: (Time is in decaauts)
 A = Elapsed time spent in this place.
 B = Non-inter-level travel time spent in this place.
 C = Inter-level travel time spent in this place.
 D = Time resting spent in this place.
 E = Time spent auto-exploring this place.
 F = Levels seen in this place.
 G = Mean time per level.
                   A        B        C        D        E       F      G
               +--------+--------+--------+--------+--------+-----+--------+
         Total |   9652 |   9188 |    464 |    808 |   6836 |  14 |  689.4 |
       Dungeon |   8681 |   8261 |    420 |    806 |   6133 |  10 |  868.1 |
        Temple |     64 |     47 |     17 |      0 |     39 |   1 |   64.0 |
          Lair |    906 |    879 |     27 |      2 |    664 |   3 |  302.0 |
               +--------+--------+--------+--------+--------+-----+--------+

Top non-repeatable levels by time:
     D:4: 1304 daAuts
     D:5: 1172 daAuts
     D:6: 1049 daAuts
     D:8: 1025 daAuts
     D:2: 1019 daAuts
     D:9: 930 daAuts
     D:7: 782 daAuts
     D:3: 780 daAuts
  Lair:1: 755 daAuts
     D:1: 613 daAuts
  Lair:2: 136 daAuts
  Temple: 64 daAuts
  Lair:4: 14 daAuts
    D:10: 1 daAuts
